AoeStats
← Michi3052

Runestones

507394143Analyzed
1v1 RM · 15d ago on Sep 18, 2026· 41m 9s· 2 players
Game mode
Random Map
Map size
Tiny (2 player)
Population
200
Speed
Normal
Resources
Standard
Victory
Conquest
Starting age
Dark Age
Ending age
Imperial Age
RankedLock teamsTeams togetherTeam positionsShared explorationLock speedFull tech treeHidden civsTurbo modeCheats
Victory
Defeat
🇨🇦 Ethiopians · Canada
767
+14
🇪🇸 Aztecs · Spain
728
-14
Michi3052
9:48 Loom
12:04 Feudal Age
12:13 Man-at-Arms
16:30 Double-Bit Axe
23:14 Castle Age
23:25 Gold Mining
23:57 Eagle Warrior
24:26 Gambesons
25:02 Scale Mail Armor
26:49 Forging
28:09 Iron Casting
30:52 Wheelbarrow
30:17 Town Watch
31:46 Squires
33:17 Long Swordsman
33:23 Elite Skirmisher
BlankPrawn5690
5:11 Loom
10:52 Feudal Age
11:49 Double-Bit Axe
14:14 Fletching
15:44 Padded Archer Armor
23:16 Castle Age
23:32 Gold Mining
23:58 Bodkin Arrow
24:12 Thumb Ring
25:07 Crossbowman
26:58 Wheelbarrow
29:10 Elite Skirmisher
38:47 Stone Mining
39:12 Town Watch
Connection lost

Rejoining the realm…

Still unreachable

The connection could not be restored.

Session expired

The server has moved on; the page needs a fresh start.